 Dungeon Sprint DCSS version 0.21.1-1-g345015f (webtiles) character file.

12100000 Fang the Axe Maniac (level 27, -9/271 (273) HPs)
             Began as a Minotaur Gladiator on May 4, 2018.
             Was the Champion of Makhleb.
             Killed by divine providence
             ... invoked by an accursed
              (16 damage)
             ... in the Dungeon (Sprint VIII: "Arena of Blood").
             The game lasted 00:02:01 (121 turns).

Fang the Axe Maniac (Minotaur Gladiator)             Turns: 121, Time: 00:02:01

HP:   -9/271 (273)  AC:  6    Str: 32    XL:     27
MP:   42/53         EV: 28    Int:  5    God:    Makhleb [******]
Gold: 0             SH:  0    Dex: 12    Spells: 80/80 levels left

rFire    . . .     SeeInvis .   l - +∞ Axe of Woe
rCold    . . .     Gourm    .   (shield currently unavailable)
rNeg     . . .     Faith    .   b - +0 leather armour
rPois    .         Spirit   .   c - +0 hat
rElec    .         Reflect  .   (no cloak)
rCorr    .         Harm     .   (no gloves)
MR       ++...     NoTele   +   (no boots)
Stlth    +++++++++.             (no amulet)
HPRegen  0.00/turn              (no ring)
MPRegen  0.33/turn              (no ring)

@: lethally poisoned (-9 -> -39), non-regenerating, mildly diseased
A: retaliatory headbutt, horns 2
a: Minor Destruction, Lesser Servant of Makhleb, Major Destruction, Greater
Servant of Makhleb, Renounce Religion


You were in the Dungeon.
You worshipped Makhleb.
Makhleb was exalted by your worship.
You were not hungry.

You visited 1 branch

Inventory:

Hand Weapons
 a - a +0 war axe
 l - the +∞ Axe of Woe (weapon)
   (You found it in the Dungeon)
Missiles
 d - 3 throwing nets (quivered)
Armour
 b - a +0 leather armour (worn)
 c - a +0 hat (worn)
Scrolls
 k - a scroll of blinking
Potions
 e - a potion of curing
 g - a potion of heal wounds
 h - a potion of haste
 i - 2 potions of magic
 j - a potion of berserk rage
Comestibles
 f - a ration


   Skills:
 O Level 27 Fighting
 O Level 27 Axes
 O Level 27 Throwing
 O Level 27 Armour
 O Level 27 Dodging
 O Level 27 Stealth
 O Level 27 Unarmed Combat
 O Level 27 Spellcasting
 O Level 27 Invocations


You had 80 spell levels left.
You didn't know any spells.

Dungeon Overview and Level Annotations

Branches:
Dungeon (1/1)

Altars:
Makhleb


Innate Abilities, Weirdness & Mutations

You reflexively headbutt those who attack you in melee.
You have a pair of horns on your head.


Message History

The bag of meat is engulfed in blazing flames.
You hear a shout!
An accursed comes into view.
You carve the bag of meat like a ham!!!
You pulverise the bag of meat into a thin bloody mist.
You kill the bag of meat!
Makhleb accepts your kill.
You are engulfed in blazing flames.
* * * LOW HITPOINT WARNING * * *
The scourge throws poison arrow at you. The poison arrow misses you.
You hear a shout! x2
The scourge is engulfed in blazing flames.
The scourge throws poison arrow at you. The poison arrow hits you!
You are poisoned.
* * * LOW HITPOINT WARNING * * *
The accursed gestures at you while chanting.
Something smites you!
You die...

.......#.....#......
.......#_)<._#......
.......#..)..#......
M#....)%)._)........
......)))###....%...
.S..###))))D))###...
..... #.))V)))#
.....o#)))))))#.
.....§§@.)..S)).%....
#....S§§.....%....#..
.....§§§.WW......#...
#.....%........##....
.....#........#. ..V
.......W......#.. ###
....##.#..........
.... ...........


You could see an accursed, an eight-headed meat hydra, a destroyer, 3 scourges,
3 dreads and a bag of meat.

Vanquished Creatures
  Sigmund (D)
  6 hell beasts (D)
  7 greater mummies (D)
  3 great orbs of eyes (D)
  4 wraiths (D)
  13 vampire knights (D)
  33 ogres (D)
  8 two-headed ogres (D)
  3 liches (D)
  A hydra (D)
  61 orcs (D)
  6 phantoms (D)
  2 skeletal warriors (D)
  6 large abominations (D)
  5 small abominations (D)
  7 crawling corpses (D)
166 creatures vanquished.

Vanquished Creatures (others)
  An orc (D)
  A crawling corpse (D)
2 creatures vanquished.

Grand Total: 168 creatures vanquished

Notes
Turn   | Place    | Note
-------+----------+-------------------------------------------
     0 | D        | Found the +∞ Axe of Woe
     0 | D        | Fang the Minotaur Gladiator began the quest for the Orb.
     0 | D        | Reached XP level 1. HP: 18/18 MP: 0/0
     3 | D        | Noticed a meat berserker
     4 | D        | Became a worshipper of Makhleb the Destroyer
     5 | D        | Noticed a meat berserker
     5 | D        | Killed a meat berserker
     5 | D        | Reached XP level 2. HP: 45/45 MP: 1/1
     5 | D        | Reached XP level 3. HP: 51/51 MP: 2/2
     5 | D        | Reached XP level 4. HP: 59/59 MP: 3/3
     5 | D        | Reached XP level 5. HP: 66/66 MP: 4/4
     5 | D        | Reached XP level 6. HP: 73/73 MP: 5/5
     5 | D        | Reached XP level 7. HP: 80/80 MP: 6/6
     5 | D        | Reached XP level 8. HP: 88/88 MP: 7/7
     5 | D        | Reached XP level 9. HP: 94/94 MP: 8/8
     5 | D        | Reached XP level 10. HP: 102/102 MP: 9/9
     5 | D        | Reached XP level 11. HP: 108/108 MP: 10/10
     5 | D        | Reached XP level 12. HP: 116/116 MP: 11/11
     5 | D        | Reached XP level 13. HP: 123/123 MP: 12/12
     6 | D        | Noticed a meat berserker
     7 | D        | Noticed a bag of meat
     8 | D        | Killed a meat berserker
     8 | D        | Reached * piety under Makhleb
     8 | D        | Reached skill level 27 in Axes
     8 | D        | Reached XP level 14. HP: 109/137 MP: 13/13
     8 | D        | Killed a meat berserker
     8 | D        | Reached skill level 27 in Dodging
     8 | D        | Reached XP level 15. HP: 123/155 MP: 14/14
    13 | D        | Noticed a meat berserker
    14 | D        | Noticed a meat berserker
    14 | D        | Reached ** piety under Makhleb
    14 | D        | Reached skill level 10 in Armour
    14 | D        | Reached XP level 16. HP: 180/180 MP: 15/15
    14 | D        | Reached skill level 27 in Fighting
    15 | D        | Noticed a meat berserker
    16 | D        | Noticed a meat berserker
    16 | D        | Noticed a meat berserker
    16 | D        | Noticed a large bag of meat
    16 | D        | Reached *** piety under Makhleb
    16 | D        | Reached skill level 27 in Throwing
    16 | D        | Reached XP level 17. HP: 191/191 MP: 16/16
    17 | D        | Killed a meat berserker
    17 | D        | Killed a meat berserker
    17 | D        | Reached **** piety under Makhleb
    17 | D        | Reached skill level 27 in Armour
    17 | D        | Reached XP level 18. HP: 200/200 MP: 17/17
    18 | D        | Killed a meat berserker
    18 | D        | Reached skill level 15 in Unarmed Combat
    18 | D        | Reached skill level 10 in Spellcasting
    18 | D        | Reached skill level 15 in Invocations
    18 | D        | Reached skill level 15 in Stealth
    18 | D        | Reached XP level 19. HP: 207/207 MP: 17/34
    18 | D        | Reached ***** piety under Makhleb
    18 | D        | Killed a meat berserker
    18 | D        | Reached skill level 15 in Spellcasting
    20 | D        | Noticed a large bag of meat
    21 | D        | Noticed a meat berserker
    21 | D        | Killed a meat berserker
    21 | D        | Reached XP level 20. HP: 216/216 MP: 17/40
    23 | D        | Noticed a meat berserker
    24 | D        | Noticed a meat berserker
    24 | D        | Noticed a meat berserker
    24 | D        | Reached ****** piety under Makhleb
    24 | D        | Reached skill level 27 in Unarmed Combat
    24 | D        | Reached XP level 21. HP: 224/224 MP: 18/43
    25 | D        | Killed a large bag of meat
    25 | D        | Reached skill level 27 in Invocations
    27 | D        | Reached skill level 27 in Stealth
    28 | D        | Reached skill level 27 in Spellcasting
    28 | D        | Reached XP level 22. HP: 233/233 MP: 19/52
    28 | D        | Killed a large bag of meat
    30 | D        | Noticed a large bag of meat
    31 | D        | Reached XP level 23. HP: 240/240 MP: 19/53
    32 | D        | Noticed a destroyer
    32 | D        | Killed a large bag of meat
    33 | D        | Noticed a destroyer
    33 | D        | Noticed a destroyer
    33 | D        | Noticed a large bag of meat
    34 | D        | Noticed a destroyer
    36 | D        | Noticed a destroyer
    36 | D        | Killed a destroyer
    36 | D        | Reached XP level 24. HP: 249/249 MP: 21/53
    36 | D        | Killed a destroyer
    40 | D        | Noticed a destroyer
    40 | D        | Reached XP level 25. HP: 257/257 MP: 22/53
    41 | D        | Killed a large bag of meat
    43 | D        | Killed a destroyer
    43 | D        | Reached XP level 26. HP: 266/266 MP: 22/53
    44 | D        | Killed a destroyer
    47 | D        | Noticed a destroyer
    47 | D        | Reached XP level 27. HP: 273/273 MP: 23/53
    48 | D        | Killed a destroyer
    53 | D        | Noticed a tyrant
    54 | D        | Noticed an accursed
    54 | D        | Killed a destroyer
    55 | D        | Killed a destroyer
    56 | D        | Noticed an accursed
    56 | D        | Noticed a destroyer
    57 | D        | Noticed an accursed
    57 | D        | Killed a destroyer
    58 | D        | Noticed an accursed
    59 | D        | Noticed a destroyer
    59 | D        | Noticed a tyrant
    60 | D        | Noticed a destroyer
    60 | D        | Noticed a large bag of meat
    61 | D        | Noticed The Captor
    61 | D        | Killed an accursed
    62 | D        | Killed a destroyer
    62 | D        | Killed an accursed
    63 | D        | Noticed a large bag of meat
    66 | D        | Noticed a dread
    66 | D        | Noticed a dread
    66 | D        | Killed a tyrant
    67 | D        | Killed The Captor
    72 | D        | Noticed a dread
    72 | D        | Killed an accursed
    73 | D        | Noticed an accursed
    73 | D        | Killed a large bag of meat
    74 | D        | Killed a large bag of meat
    75 | D        | Killed a destroyer
    76 | D        | Killed a tyrant
    76 | D        | Killed a dread
    76 | D        | Noticed a meat beast
    77 | D        | Noticed a meat beast
    79 | D        | Noticed a meat beast
    79 | D        | Killed a dread
    80 | D        | Killed a meat beast
    82 | D        | Noticed an accursed
    82 | D        | Killed a meat beast
    83 | D        | Noticed a meat beast
    84 | D        | Noticed a meat beast
    84 | D        | Killed a meat beast
    85 | D        | Killed a dread
    86 | D        | Killed a meat beast
    86 | D        | Killed a meat beast
    88 | D        | Killed an accursed
    89 | D        | Noticed a dread
    90 | D        | Noticed a destroyer
    93 | D        | Noticed a meat beast
    93 | D        | Noticed a large bag of meat
    93 | D        | Killed an accursed
    95 | D        | Noticed a tyrant
    96 | D        | Noticed a destroyer
    96 | D        | Killed a dread
    96 | D        | Killed a meat beast
    97 | D        | Killed an accursed
    97 | D        | Killed a destroyer
    98 | D        | Noticed an accursed
   102 | D        | Noticed a destroyer
   105 | D        | Killed a destroyer
   108 | D        | Noticed a large bag of meat
   108 | D        | Killed an accursed
   109 | D        | Killed a tyrant
   111 | D        | Noticed a dread
   112 | D        | Noticed a large bag of meat
   113 | D        | Noticed a dread
   115 | D        | Noticed a destroyer
   115 | D        | Killed a destroyer
   117 | D        | Killed a large bag of meat
   119 | D        | Noticed a dread
   119 | D        | Killed a large bag of meat
   121 | D        | Noticed an accursed
   121 | D        | HP: 7/271 [scourge/poison arrow (54)]
   121 | D        | Killed from afar by an accursed

Skill      XL: |  1  2  3  4  5  6  7  8  9 10 11 12 13 14 15 16 17 18 19 20 21 |
---------------+----------------------------------------------------------------+-----
Fighting       | 13 16 19 26 27 | 27.0
Axes           | 23 27 | 27.0
Throwing       | 11 13 16 21 27 | 27.0
Dodging        | 21 24 27 | 27.0
Armour         | 2 7 11 17 27 | 27.0
Stealth        | 15 21 24 27 | 27.0
Unarmed Combat | 18 25 27 | 27.0
Spellcasting   | 12 17 19 27 | 27.0
Invocations    | 16 23 26 27 | 27.0

Action                   |  1- 3 |  4- 6 |  7- 9 | 10-12 | 13-15 | 16-18 | 19-21 | 22-24 | 25-27 || total
-------------------------+-------+-------+-------+-------+-------+-------+-------+-------+-------++-------
Melee: Executioner's axe |     1 |       |       |       |     3 |     3 |     7 |    10 |    68 ||    92
Armor: Leather armour    |       |       |       |       |       |       |       |       |     1 ||     1
Dodge: Dodged            |       |       |       |       |     1 |     1 |       |       |     9 ||    11
